 Dungeon Crawl Stone Soup version 0.18-a0-1639-g7533f42 (webtiles) character file.

53 syage the Skirmisher (level 3, 0/33 HPs)
             Began as a Centaur Berserker on Mar 27, 2016.
             Was a Believer of Trog.
             Slain by a hound (5 damage)
             ... on level 3 of the Dungeon.
             The game lasted 00:04:00 (1149 turns).

syage the Skirmisher (Centaur Berserker)            Turns: 1149, Time: 00:04:00

Health: 0/33       AC:  4    Str: 23    XL:     3   Next: 64%
Magic:  3/3        EV:  9    Int:  6    God:    Trog [**....]
Gold:   117        SH:  0    Dex:  8    Spells: 0 memorised, 2 levels left

rFire  . . .     SeeInvis .     a - +0 spear
rCold  . . .     Gourm    .     q - +0 robe (curse)
rNeg   . . .     Faith    .     (no shield)
rPois  .         Spirit   .     (no helmet)
rElec  .         Dismiss  .     (no cloak)
rCorr  .         Reflect  .     (no gloves)
SustAt .         Harm     .     (no barding)
MR     .....                    (no amulet)
Stlth  +.........               (no ring)
                                u - +3 ring of strength

@: very quick, not resistant to hostile enchantments, very unstealthy
A: hooves 3, deformed body, speed 2, tough skin 3
a: Berserk, Trog's Hand, Burn Spellbooks, Renounce Religion


You were on level 3 of the Dungeon.
You worshipped Trog.
Trog was pleased with you.
You were not hungry.

You visited 1 branch of the dungeon, and saw 4 of its levels.

You collected 117 gold pieces.

Inventory:

Hand Weapons
 a - a +0 spear (weapon)
Missiles
 n - 3 tomahawks (quivered)
Armour
 b - a +0 animal skin
 k - a cursed +0 scale mail
 q - a cursed +0 robe (worn)
Jewellery
 u - a +3 ring of strength (left hand)
 v - an uncursed ring of resist corrosion {unknown}
Scrolls
 d - 2 scrolls of identify {unknown}
 f - a scroll of teleportation {unknown}
 g - 2 scrolls of recharging {unknown}
 i - a scroll of magic mapping {unknown}
 p - a scroll of amnesia {unknown}
Potions
 e - a potion of haste {unknown}
 h - a potion of flight {unknown}
 m - 3 potions of brilliance {unknown}
 o - a potion of heal wounds {unknown}
 r - a potion of resistance {unknown}
 s - a potion of magic {unknown}
 t - a potion of might {unknown}
Comestibles
 c - 3 bread rations
 j - a royal jelly
 l - a beef jerky


   Skills:
 + Level 3.8 Fighting
 + Level 3.2 Polearms
 + Level 1.5 Armour
 + Level 1.8 Dodging


You had 2 spell levels left.
You didn't know any spells.

Dungeon Overview and Level Annotations

Branches:
Dungeon (4/15)
 Temple: D:4-7

Altars:


Innate Abilities, Weirdness & Mutations

You have hooves in place of feet.
Armour fits poorly on your strangely shaped body.
You cover ground very quickly.
You have extremely tough skin (AC +3).


Message History

Attack whom?
Press: ? - help, Dir - move target cursor, f/p - giant cockroach
Aim: a giant cockroach (severely wounded, clinging)
You barely miss the giant cockroach. Your kick misses the giant cockroach.
The giant cockroach is severely wounded.
The giant cockroach barely misses you.
You closely miss the giant cockroach. You kick the giant cockroach.
You kill the giant cockroach!
Trog accepts your kill.
You closely miss the hound. The hound bites you.
* * * LOW HITPOINT WARNING * * *
The hound bites you.
* * * LOW HITPOINT WARNING * * *
You hit the hound. You kick the hound.
The hound is heavily wounded.
The hound barely misses you.
You hit the hound. Your kick misses the hound.
The hound is heavily wounded.
The hound bites you but does no damage. The hound bites you.
You die...

.##### ......####
##.......##
..$..###..#########
#........†h@.$.#
#.......########
#.$.....# #.......#
####.#### #..# ##.#
#.## ###..#####


You could see a hound.

Vanquished Creatures
  An adder (D:3)
  2 worms
  A ball python (D:2)
  4 giant cockroaches
  5 hobgoblins
  4 bats
  9 goblins
  7 kobolds
  2 rats
35 creatures vanquished.

Notes
Turn   | Place    | Note
--------------------------------------------------------------
     0 | D:1      | syage the Centaur Berserker began the quest for the Orb.
     0 | D:1      | Reached XP level 1. HP: 19/19 MP: 1/1
   303 | D:1      | Reached XP level 2. HP: 12/26 MP: 2/2
   844 | D:2      | Reached XP level 3. HP: 13/31 MP: 3/3
   894 | D:2      | Reached ** piety under Trog
  1014 | D:2      | You fall through a shaft for 2 floors!
  1149 | D:3      | Slain by a hound

Vault maps used:
D:1:      minmay_arrival_up_and_down, minivault_27
D:3:      uniq_iyjb
D:4:      nemelex_xobeh_ov_fountains_minmay, kennysheep_little_box, first_bread,
          uniq_menkaure, uniq_natasha

Skill      XL: |  1  2 |
---------------+-------+-----
Polearms       | 3 |  3.2
Fighting       | |  3.8
Armour         | |  1.5
Dodging        | |  1.8

Action                   || total
-------------------------++-------
Melee: Spear             ||   126
